Map: Efflorescence LE

Players

ChessieCat

  • Race: Terran Terran
  • League: Platinum
  • Spawn Location: 9:00

Moldy

  • Race: Terran Terran
  • League: Diamond
  • Spawn Location: 6:00

OpuS - Winner!

  • Race: Protoss Protoss
  • League: Platinum
  • Spawn Location: 12:00

Sketchaphone - Winner!

  • Race: Zerg Zerg
  • League: Platinum
  • Spawn Location: 3:00

VOD

Have the link to the VOD?

Description

Time

  • Played on: Feb. 24, 2019, 7:35 p.m.
  • Length: 25:26
Show
View Real Time Build Order
Export as new Build Order

ChessieCat Terran 

Build Orders: Mech 

Get SALT Encoding   

  12  0:00  SCV  
  13  0:18  Supply Depot  
  13  0:19  SCV  
  14  0:38  SCV  
  14  0:41  Barracks  
  15  0:50  SCV  
  15  0:52  Refinery  
  16  1:02  SCV  
  17  1:14  SCV  
  18  1:26  SCV  
  18  1:30  Marine  
  20  1:38  Orbital Command  
  20  1:42  Refinery  
  20  1:49  Marine  
  21  2:01  Command Center  
  21  2:09  Marine  
  22  2:17  Supply Depot  
  22  2:33  Marine  
  23  2:38  SCV  
  23  2:39  Factory  
  24  2:50  SCV  
  25  2:59  Marine  
  25  3:02  SCV  
  27  3:13  Engineering Bay  
  27  3:17  Orbital Command  
  27  3:20  Supply Depot  
  27  3:24  Starport, Factory Tech Lab  
  27  3:37  Bunker  
  27  3:39  Orbital Command  
  27  3:40  SCV  
  28  3:43  Missile Turret  
  28  3:45  Siege Tank  
  30  4:23  Siege Tank  
  32  4:50  SCV  
  32  4:51  Starport Reactor  
  33  4:54  Factory  
  33  4:58  Command Center  
  32  5:02  SCV  
  32  5:05  Siege Tank  
  35  5:07  Supply Depot  
  35  5:09  SCV  
  35  5:12  Liberator  
  35  5:13  Liberator  
  36  5:21  SCV x2  
  38  5:33  SCV, Supply Depot  
  45  5:45  SCV  
  45  5:46  Factory Tech Lab  
  45  5:47  Factory  
  45  5:48  Bunker  
  46  5:57  SCV  
  46  6:02  Siege Tank  
  50  6:07  Missile Turret  
  50  6:10  SCV  
  51  6:22  SCV  
  52  6:30  Armory  
  52  6:34  SCV  
  50  7:00  Planetary Fortress  
  50  7:03  Factory Reactor  
  50  7:10  Refinery  
  50  7:12  Refinery  
  47  7:20  Armory  
  47  7:25  Infernal Pre-Igniter  
  47  7:37  Missile Turret, SCV  
  48  7:45  Hellbat x2  
  48  7:49  SCV  
  53  7:51  Missile Turret  
  53  7:56  Missile Turret  
  53  7:58  Thor  
  59  7:59  Missile Turret  
  59  8:01  SCV  
  59  8:02  Terran Vehicle Weapons Level 1  
  60  8:11  SCV  
  61  8:14  SCV  
  61  8:26  SCV  
  62  8:27  Hellbat  
  62  8:28  Hellbat  
  62  8:35  Command Center  
  62  8:38  SCV  
  62  8:41  Liberator x2  
  63  8:50  SCV  
  70  9:03  Terran Vehicle And Ship Armor Level 1  
  70  9:10  Supply Depot  
  70  9:11  Supply Depot  
  70  9:13  Supply Depot  
  70  9:16  Supply Depot  
  70  9:18  Supply Depot  
  70  9:31  SCV, Siege Tank x2  
  72  9:44  SCV  
  66  9:56  SCV  
  66  9:58  Hellbat x2  
  71  10:08  SCV  
  72  10:20  SCV  
  73  10:23  Factory  
  72  10:29  Factory  
  61  10:57  Hellbat x2, Thor  
  61  10:58  Thor  
  68  11:25  Hellbat  
  68  11:26  Hellbat x2  
  64  11:40  Thor x2  
  76  11:50  Liberator x2  
  76  11:55  Supply Depot  
  82  12:13  Terran Vehicle And Ship Armor Level 2, Terran Vehicle Weapons Level 2  
  81  12:18  Supply Depot  
  77  12:23  Siege Tank  
  77  12:24  Siege Tank  
  83  12:35  Factory Tech Lab  
  83  12:44  Hellbat x2  
  83  12:45  Hellbat  
  83  12:46  Planetary Fortress  
  89  12:52  SCV  
  89  12:55  Siege Tank  
  89  12:56  Hellbat  
  95  13:04  SCV  
  94  13:06  Hellbat x3  
  94  13:16  SCV  
  86  13:28  SCV  
  86  13:31  SCV  
  85  13:40  Siege Tank x3  
  91  13:43  Hellbat, SCV  
  91  13:44  Hellbat x2  
  98  13:52  SCV  
  98  13:55  SCV  
  100  13:59  Missile Turret  
  100  14:04  SCV  
  100  14:05  Hellbat  
  100  14:07  SCV  
  100  14:09  Viking x2  
  108  14:12  Siege Tank  
  111  14:17  Refinery  
  111  14:19  SCV  
  112  14:31  SCV  
  113  14:42  Refinery  
  113  14:44  SCV  
  114  14:56  Siege Tank x3  
  114  14:59  Hellbat x2  
  70  15:27  Command Center  
  70  15:28  Siege Tank, Thor x2  
  83  16:04  Thor  
  80  16:11  Siege Tank  
  79  16:57  Missile Turret  
  79  17:00  Planetary Fortress  
  73  17:21  Thor x2  
  85  17:28  Missile Turret  
  82  17:44  SCV  
  63  17:56  SCV  
  63  17:57  Supply Depot  
  64  18:08  SCV  
  65  18:19  Supply Depot  
  65  18:20  SCV  
  66  18:32  Refinery, SCV  
  67  18:44  SCV  
  67  18:45  Terran Vehicle Weapons Level 3  
  67  18:46  Terran Vehicle And Ship Armor Level 3  
  67  18:48  Liberator  
  68  18:56  SCV  
  68  18:58  Refinery  
  68  18:59  Hellion x3  
  68  19:00  Hellion x3  
  84  19:21  Hellion x3  
  80  19:48  Hellion x5  
  80  19:49  Hellion  
  87  20:17  Thor x2  
  99  20:39  Command Center  
  94  20:56  Hellbat  
  102  20:57  Hellbat x3  
  102  20:58  SCV  
  103  21:10  Siege Tank  
  103  21:11  SCV  
  107  21:23  SCV  
  108  21:30  Missile Turret  
  108  21:31  Missile Turret  
  105  21:35  Missile Turret  
  39  22:10  Thor x2  
Show
View Real Time Build Order
Export as new Build Order

Moldy Terran 

Build Orders: Reaper Expand 

Get SALT Encoding   

  12  0:01  SCV  
  13  0:13  SCV  
  14  0:18  Supply Depot  
  14  0:25  SCV  
  15  0:40  SCV  
  15  0:41  Barracks  
  16  0:45  Refinery  
  16  0:58  SCV  
  17  1:10  SCV  
  18  1:22  SCV  
  19  1:31  Reaper  
  20  1:35  Orbital Command  
  20  1:43  Command Center  
  20  1:53  Supply Depot  
  21  2:01  SCV  
  21  2:13  SCV  
  21  2:15  Factory  
  22  2:25  SCV  
  23  2:34  Barracks Reactor  
  23  2:37  Barracks, SCV  
  23  2:39  Refinery  
  24  2:49  SCV  
  25  3:04  Starport, SCV  
  26  3:12  Orbital Command  
  26  3:17  Marine  
  26  3:18  Marine  
  26  3:19  SCV  
  28  3:21  Factory Reactor  
  28  3:26  Barracks  
  27  3:32  Barracks Tech Lab  
  27  3:41  Marine x2  
  28  3:43  Bunker  
  29  3:51  Bunker  
  28  3:56  Marauder  
  28  3:59  SCV  
  28  4:01  Marine x2  
  32  4:04  Widow Mine  
  28  4:18  Marauder  
  17  4:39  Marauder  
  17  4:43  Marine  
  21  4:49  Barracks Tech Lab  
  20  4:54  Orbital Command  
  18  5:10  Stimpack, Marine x2  
  18  5:12  Barracks Tech Lab  
  20  5:15  SCV  
  20  5:21  Factory Tech Lab  
  21  5:26  Supply Depot  
  21  5:28  Marine  
  21  5:29  Marine x2  
  21  5:30  SCV  
  21  5:34  Concussive Shells  
  25  5:45  SCV x2  
  25  5:46  Marine  
  28  5:55  Starport Reactor  
  28  5:57  Marine x2, SCV  
  28  5:59  SCV  
  32  6:06  Marine x2  
  34  6:22  Marine x2, SCV  
  34  6:23  Marine  
  34  6:24  SCV  
  39  6:27  Ghost Academy  
  39  6:34  Medivac, SCV  
  39  6:35  Medivac  
  39  6:36  SCV  
  45  6:50  Marine  
  46  7:12  Marine x4, Siege Tank, SCV  
  46  7:13  Supply Depot  
  54  7:17  Supply Depot  
  54  7:21  Combat Shield  
  54  7:30  Refinery  
  54  7:31  Refinery  
  54  7:34  Marine  
  54  7:35  SCV x2  
  57  7:40  Engineering Bay  
  57  7:41  Engineering Bay  
  57  7:47  Marine x2, SCV  
  57  7:50  SCV  
  61  7:51  Personal Cloaking  
  61  7:59  SCV  
  61  8:02  SCV  
  61  8:03  Marine  
  64  8:08  Terran Infantry Weapons Level 1  
  64  8:11  SCV  
  64  8:12  Marine  
  66  8:17  Marine x2  
  68  8:26  Marine  
  69  8:47  Marine x2  
  69  8:48  Marauder  
  69  9:09  Supply Depot  
  69  9:10  Medivac  
  69  9:11  Marauder, Terran Infantry Armor Level 1, Supply Depot  
  69  9:15  Armory  
  75  9:17  Viking  
  59  9:40  Marine  
  48  10:07  Terran Infantry Weapons Level 2  
  47  10:08  SCV x2  
  47  10:09  Marine x3  
  47  10:10  Marauder  
  54  10:23  Barracks  
  54  10:25  Medivac  
  54  10:26  Medivac  
  54  10:27  Marauder, Command Center  
  60  10:33  Marine x2  
  62  10:39  SCV  
  62  10:41  SCV  
  64  10:48  Barracks  
  64  10:49  Factory Reactor  
  64  10:50  Marine x2  
  64  10:56  Marine x2  
  68  11:08  Marine  
  69  11:12  Marine  
  69  11:15  Barracks Reactor  
  70  11:20  Terran Infantry Armor Level 2, Supply Depot  
  70  11:23  Supply Depot  
  70  11:38  Ghost  
  70  11:39  Marine x3, SCV x2  
  77  11:51  SCV  
  78  11:57  Marine x2  
  78  11:58  Marauder, Marine  
  83  12:08  Marine  
  84  12:23  Marine x2  
  84  12:24  Marauder x3  
  69  12:49  Marine x3  
  69  12:50  Marauder, Marine  
  69  12:51  Marauder x2  
  78  13:07  Marine  
  78  13:08  Barracks  
  78  13:12  Marauder  
  81  13:15  Widow Mine x2  
  81  13:17  Marine  
  81  13:18  Marine, Ghost x2  
  91  13:29  SCV x2  
  93  13:45  Marine x2  
  93  13:46  Marine, Ghost x2  
  100  13:49  Missile Turret  
  100  13:54  Marine  
  100  13:55  Missile Turret  
  101  14:04  Barracks Tech Lab  
  101  14:08  Supply Depot  
  101  14:11  Widow Mine  
  101  14:16  Planetary Fortress  
  103  14:24  SCV  
  103  14:28  Widow Mine  
  106  14:32  Widow Mine  
  106  14:36  Marine x3  
  106  14:37  Marauder  
  113  14:47  Viking  
  113  14:48  Viking  
  117  14:53  Refinery  
  117  14:56  Supply Depot  
  117  14:57  Supply Depot  
  117  15:00  Supply Depot  
  117  15:14  Widow Mine  
  106  15:32  Marine, SCV  
  106  15:33  Marine x4, Ghost  
  106  15:34  Marauder, Ghost  
  106  15:35  SCV  
  119  15:39  Medivac x2  
  123  15:50  Marine  
  114  16:18  Marine x4  
  97  16:19  Marauder x2  
  97  16:24  Marine x2  
  95  16:31  Terran Infantry Weapons Level 3  
  95  16:32  Terran Infantry Armor Level 3  
  95  16:33  SCV  
  95  16:35  Marine x2  
  95  16:36  Marine x2  
  95  16:38  Command Center  
  95  16:39  Marine  
  88  16:51  Marine x3  
  91  16:55  Widow Mine x2  
  91  16:58  Marauder  
  97  17:06  Marine x3  
  100  17:10  Marauder  
  100  17:49  Marine x3  
  100  17:50  Marauder x2  
  100  17:51  Marauder  
  106  17:54  SCV x2  
  108  18:03  Nuke  
  108  18:04  Viking  
  108  18:05  Viking  
  112  18:06  Sensor Tower  
  107  18:22  SCV x2  
  107  18:27  Marine x4  
  109  18:28  Marauder x2  
  117  18:38  Marine x2  
  119  18:44  Marine  
  119  18:45  Viking x2  
  119  18:47  Marine x3  
  127  18:49  Marauder x2  
  131  19:03  Marine x2  
  131  19:04  Marine  
  131  19:05  Marine  
  131  19:07  Marine x2  
  137  19:10  Marine  
  137  19:30  Missile Turret  
  84  20:00  Marine x3  
  84  20:01  Marauder  
  78  20:07  Marine x2  
  78  20:08  Marine  
  81  20:24  Marine  
  81  20:25  Marine x4  
  81  20:26  Marauder  
  88  20:32  Marine x2  
  90  20:43  Marauder  
  91  20:52  SCV x2  
  91  20:53  Medivac x2  
  96  20:58  Command Center  
  96  21:04  SCV  
  96  21:09  Marine x3  
  96  21:10  Marine x2  
  102  21:29  Planetary Fortress  
  102  21:36  Missile Turret x2  
  102  21:40  Marine  
  102  21:44  Widow Mine  
  101  21:56  Missile Turret  
  101  21:59  Marine x2  
  101  22:00  Marauder, Marine  
  106  22:22  Marine x3  
  111  22:23  Marauder x2  
  101  22:41  Marine x2  
  101  22:42  Marine x2  
  98  22:51  Marine x2  
  97  22:53  Marine x2  
  83  23:14  Marine x3  
  55  23:44  Marine  
  50  23:59  Marine  
  41  24:16  Marine  
  39  24:47  Marine  
  27  25:06  Marine x2  
Show
View Real Time Build Order
Export as new Build Order

OpuS Protoss - Winner!

Build Orders:  

Get SALT Encoding   

  12  0:01  Probe  
  13  0:13  Probe  
  14  0:19  Pylon  
  14  0:25  Probe  
  15  0:37  Gateway  
  15  0:45  Assimilator  
  15  0:46  Assimilator  
  15  0:50  Probe  
  16  1:01  Gateway  
  16  1:05  Probe  
  17  1:17  Probe  
  18  1:24  Cybernetics Core  
  18  1:35  Probe  
  19  1:41  Pylon  
  19  1:47  Probe  
  20  1:59  Probe  
  21  2:02  Stalker  
  21  2:04  Stalker  
  21  2:07  Warp Gate  
  25  2:16  Pylon  
  25  2:18  Probe  
  26  2:32  Stalker  
  26  2:36  Stalker  
  29  2:38  Probe  
  30  2:49  Probe  
  31  2:54  Robotics Facility  
  31  2:57  Probe  
  32  3:11  Twilight Council  
  32  3:38  Nexus  
  32  3:41  Pylon  
  32  3:49  Probe  
  33  4:01  Probe  
  34  4:03  Stalker x2  
  34  4:05  Observer  
  39  4:28  Probe  
  40  4:40  Probe  
  41  4:51  Stalker x2  
  41  4:52  Probe  
  46  5:04  Probe, Charge  
  45  5:08  Probe  
  45  5:12  Templar Archives  
  46  5:17  Probe  
  46  5:19  Stalker x2  
  46  5:20  Probe  
  52  5:25  Gateway  
  52  5:26  Gateway  
  52  5:28  Observer  
  53  5:29  Probe  
  54  5:41  Probe x2  
  56  5:46  Pylon  
  56  5:51  Psionic Storm  
  56  5:55  Probe x2  
  58  6:04  Zealot x2  
  58  6:07  Probe x2  
  64  6:13  Immortal  
  68  6:19  Probe  
  68  6:22  Pylon  
  68  6:27  Probe  
  68  6:28  Pylon  
  68  6:31  Probe  
  68  6:32  Assimilator  
  70  6:35  Assimilator  
  70  6:45  Probe x2  
  72  6:48  Gateway  
  72  6:51  Gateway  
  72  6:53  Zealot x2  
  74  7:00  Blink  
  69  7:16  Immortal  
  73  7:28  Probe x2  
  75  7:41  Probe x2  
  77  7:45  High Templar  
  77  7:46  Zealot  
  77  7:47  Zealot  
  83  7:58  High Templar  
  83  7:59  Probe  
  83  8:03  Pylon  
  83  8:04  Pylon  
  86  8:06  Pylon  
  86  8:13  Gateway  
  86  8:15  Gateway  
  86  8:18  Probe, Observer  
  84  8:34  High Templar  
  84  8:36  Zealot x4  
  84  8:38  Zealot  
  84  8:39  Observer  
  97  9:04  Forge  
  97  9:08  Forge  
  97  9:12  Nexus, Pylon  
  97  9:14  Pylon  
  73  9:50  Protoss Ground Weapons Level 1, Protoss Ground Armor Level 1  
  73  9:51  Archon  
  59  10:00  Zealot  
  59  10:01  Zealot x6  
  59  10:02  Zealot  
  59  10:06  Probe  
  59  10:07  Probe  
  70  10:15  Dark Shrine  
  70  10:16  Gateway  
  70  10:18  Gateway  
  70  10:23  Probe x2  
  70  10:27  High Templar x2  
  70  10:28  High Templar  
  78  10:30  High Templar  
  78  10:33  High Templar  
  78  10:35  High Templar, Probe  
  85  10:37  High Templar  
  85  10:42  Probe x2  
  89  10:47  Probe  
  90  10:51  Stalker  
  90  10:54  Probe x2  
  94  10:59  Probe  
  94  11:02  Gateway  
  95  11:04  Gateway  
  95  11:07  Probe x2  
  95  11:10  Assimilator  
  97  11:13  High Templar x2  
  97  11:14  Zealot, Assimilator  
  97  11:16  Zealot  
  105  11:37  Protoss Ground Weapons Level 2, Protoss Ground Armor Level 2  
  105  11:45  Nexus  
  105  11:46  Pylon  
  105  11:48  Pylon  
  105  11:52  Assimilator  
  105  11:57  Assimilator, Immortal  
  109  12:15  Dark Templar x4  
  110  12:46  Archon x2  
  110  12:47  Archon  
  110  12:48  Zealot  
  110  12:49  Zealot x2  
  110  12:50  Zealot x4  
  124  12:52  Zealot x5  
  134  13:08  Immortal  
  138  13:17  Nexus  
  138  13:18  Stalker  
  140  13:21  Assimilator  
  140  13:26  Assimilator  
  139  13:28  Pylon  
  139  13:31  Pylon  
  137  13:35  Pylon  
  131  13:44  High Templar x5  
  131  13:45  High Templar  
  141  13:50  Archon x2  
  141  13:52  Archon  
  141  13:54  Immortal  
  145  13:57  Probe x3  
  145  14:01  Zealot x6  
  160  14:09  Probe  
  161  14:17  Pylon  
  161  14:19  Pylon  
  161  14:21  Pylon  
  161  14:23  Pylon  
  161  14:29  High Templar x3  
  161  14:31  High Templar  
  169  14:33  Immortal  
  169  14:34  Archon  
  169  14:35  Archon  
  111  15:14  High Templar x3  
  111  15:15  High Templar x3  
  111  15:16  Zealot x4  
  111  15:17  Zealot x2  
  111  15:18  Probe x4  
  105  15:22  Gateway  
  105  15:24  Gateway  
  105  15:26  Gateway  
  101  15:28  Gateway  
  97  15:40  Immortal  
  97  15:42  High Templar x2  
  103  15:44  Zealot  
  103  15:45  Zealot x2  
  111  15:51  Probe x4  
  97  16:16  Dark Templar  
  97  16:18  Dark Templar x3  
  77  16:19  Dark Templar  
  77  16:20  Zealot x2  
  87  16:28  Probe x3  
  87  16:30  Dark Templar  
  92  16:33  Dark Templar  
  80  16:51  High Templar x2  
  80  16:52  Zealot x3  
  80  16:53  Zealot  
  92  16:54  Zealot  
  92  16:57  Probe  
  92  16:58  Probe  
  96  17:07  Zealot x2  
  96  17:08  Zealot  
  96  17:13  High Templar  
  96  17:14  High Templar  
  96  17:15  Zealot  
  104  17:17  Probe  
  104  17:21  High Templar  
  99  17:44  Zealot x3  
  99  17:45  Zealot x3  
  99  17:46  Stalker x2  
  113  17:51  Protoss Ground Weapons Level 3  
  113  17:53  Protoss Ground Armor Level 3, Probe  
  113  17:54  Probe x3  
  117  18:06  Probe  
  110  18:19  High Templar x2  
  106  18:20  High Templar  
  106  18:22  Zealot x3  
  106  18:23  Zealot  
  116  18:28  Zealot  
  116  18:29  High Templar  
  116  18:30  Zealot  
  122  18:42  Nexus  
  122  18:46  Zealot x2  
  122  18:47  Zealot  
  128  18:49  High Templar x2  
  132  18:56  Dark Templar  
  132  18:58  Dark Templar  
  132  19:32  Zealot x4  
  132  19:33  Zealot x5  
  132  19:34  Zealot x3  
  132  19:35  Zealot x2  
  132  19:36  Zealot x2  
  156  19:48  Archon x2  
  150  19:56  Probe x2  
  150  19:57  Probe x2  
  144  20:06  Immortal  
  130  20:10  Robotics Facility  
  130  20:13  Robotics Facility x2  
  124  20:16  Probe x3  
  124  20:17  Probe  
  124  20:19  Assimilator  
  128  20:22  Assimilator  
  128  20:23  Protoss Shields Level 1  
  128  20:27  Zealot x4  
  128  20:28  Zealot x5  
  142  20:29  Zealot  
  142  20:33  Stalker x2  
  152  20:35  High Templar  
  152  20:36  High Templar  
  152  20:37  High Templar  
  152  20:38  High Templar  
  150  20:50  Immortal  
  150  20:54  High Templar x2  
  150  20:55  High Templar  
  150  20:56  Zealot  
  150  20:57  Zealot x4  
  156  21:12  Zealot x5  
  156  21:13  Zealot x2  
  166  21:26  Probe x4  
  167  21:34  High Templar x3  
  167  21:35  High Templar  
  167  21:36  Zealot x4  
  167  21:38  Probe x4  
  187  21:46  Immortal  
  191  21:50  Probe  
  158  22:07  Archon  
  158  22:08  Archon x4  
  124  22:15  Dark Templar x3  
  122  22:16  Dark Templar  
  75  22:57  Dark Templar x2  
  75  22:58  Zealot x5  
  78  22:59  Zealot x3  
  78  23:00  Zealot x2  
  89  23:22  Archon  
  89  23:26  Zealot x4  
  75  23:48  Dark Templar  
  75  23:49  Dark Templar  
  60  24:10  Archon  
  56  24:23  Stalker  
Show
View Real Time Build Order
Export as new Build Order

Sketchaphone Zerg - Winner!

Build Orders: Hatch First, Muta Ling Bane 

Get SALT Encoding   

  12  0:01  Drone  
  13  0:13  Overlord  
  13  0:23  Drone  
  13  0:25  Drone, Extractor  
  15  0:32  Drone  
  16  0:36  Drone  
  17  0:57  Hatchery  
  17  1:00  Drone  
  17  1:02  Drone  
  18  1:05  Extractor  
  17  1:22  Spawning Pool  
  16  1:32  Drone  
  17  1:33  Drone x2  
  19  1:49  Overlord  
  19  1:58  Overlord  
  19  2:11  Queen  
  19  2:12  Metabolic Boost  
  21  2:16  Drone  
  21  2:17  Drone x2  
  21  2:21  Drone  
  25  2:26  Drone  
  26  2:41  Queen  
  26  2:43  Spine Crawler  
  28  2:44  Drone  
  28  2:46  Drone  
  29  2:56  Drone  
  30  3:01  Zergling x2  
  30  3:02  Drone x2  
  33  3:18  Zergling x4  
  35  3:22  Hatchery  
  35  3:24  Zergling x4  
  36  3:30  Evolution Chamber  
  35  3:34  Zergling x6  
  38  3:44  Overlord  
  38  3:47  Overlord  
  38  3:48  Zergling x2  
  38  3:49  Zergling x2  
  40  4:04  Zergling x6  
  40  4:05  Zergling x2  
  43  4:32  Zergling x2  
  40  4:41  Lair, Baneling Nest  
  40  4:43  Queen, Drone x6  
  40  4:45  Drone  
  45  4:57  Drone x3  
  45  4:58  Drone  
  49  5:16  Extractor  
  48  5:22  Zerg Ground Armor Level 1  
  48  5:27  Evolution Chamber  
  47  5:34  Overlord  
  47  5:41  Extractor  
  46  5:46  Infestation Pit  
  45  5:52  Drone x5  
  45  5:53  Drone x3, Extractor  
  45  5:55  Drone x3  
  45  5:56  Drone x4  
  59  6:26  Zergling x6  
  59  6:27  Zerg Melee Weapons Level 1  
  59  6:30  Pathogen Glands  
  59  6:32  Pneumatized Carapace, Burrow  
  62  6:33  Queen  
  62  6:35  Drone x2  
  62  6:36  Drone x3  
  62  6:37  Overlord x2  
  66  6:55  Zergling x18  
  66  6:58  Centrifical Hooks  
  73  7:17  Spire  
  73  7:18  Overlord  
  73  7:20  Baneling x3  
  73  7:21  Overlord, Baneling x2  
  73  7:22  Overlord x2  
  72  7:24  Drone  
  72  7:27  Zerg Ground Armor Level 2  
  73  7:35  Queen, Extractor  
  73  7:36  Extractor  
  73  8:03  Zergling x26  
  86  8:08  Infestor  
  86  8:09  Infestor  
  90  8:15  Neural Parasite  
  93  8:39  Baneling x5  
  88  9:13  Overlord x2  
  88  9:14  Overlord  
  88  9:15  Drone x3  
  88  9:34  Hatchery  
  75  9:47  Mutalisk x4  
  75  9:48  Infestor  
  75  9:49  Infestor x4  
  93  9:53  Zergling x12  
  93  9:54  Zergling x6  
  93  9:57  Hive  
  102  10:09  Zergling x12  
  108  10:16  Overseer  
  108  10:26  Infestor x3  
  114  10:48  Zergling x2  
  114  10:49  Zergling x10  
  88  11:14  Drone x6  
  94  11:20  Drone  
  84  11:43  Drone x3  
  84  11:44  Drone x4  
  84  11:47  Zerg Ground Armor Level 3, Adrenal Glands  
  91  11:48  Zerg Melee Weapons Level 2  
  91  11:51  Baneling  
  91  11:52  Baneling x11  
  91  11:53  Zergling x6  
  94  12:02  Queen  
  88  12:19  Zergling x6  
  88  12:20  Zergling x6  
  82  12:35  Zergling x12  
  88  12:43  Drone x3  
  91  12:48  Drone x3  
  78  13:33  Zergling x6  
  79  13:34  Drone x4  
  79  13:36  Zergling x4  
  79  13:37  Zergling x2  
  86  13:43  Queen x3  
  86  13:44  Queen  
  86  13:45  Drone x2  
  86  13:47  Zergling x4  
  86  13:48  Drone x3  
  101  13:58  Drone x4  
  105  14:07  Drone  
  105  14:08  Drone x3  
  109  14:11  Baneling  
  109  14:12  Baneling x11  
  109  14:21  Zergling x4  
  110  14:40  Infestor x2  
  110  14:41  Infestor x6, Zergling x2  
  110  14:42  Overlord x3  
  110  14:43  Overlord  
  110  14:44  Overlord  
  84  15:30  Viper  
  84  15:31  Viper x2  
  84  15:34  Infestor x6  
  105  15:36  Zergling x24  
  117  15:57  Baneling  
  117  15:58  Baneling x5  
  117  16:03  Baneling x9  
  117  16:04  Baneling  
  94  16:40  Zergling x6  
  94  16:42  Zergling x18  
  106  16:53  Drone  
  101  17:16  Zergling x16  
  106  17:28  Zergling x10  
  103  17:38  Hatchery  
  103  17:42  Hatchery  
  101  17:52  Baneling  
  101  17:53  Baneling x8  
  101  17:57  Zergling x14  
  100  18:36  Infestor x4  
  100  18:38  Ultralisk Cavern  
  100  18:40  Greater Spire  
  99  18:51  Infestor x5  
  99  18:52  Infestor  
  103  19:03  Drone  
  103  19:04  Queen  
  97  19:36  Extractor x2  
  87  19:55  Zergling x2  
  87  19:56  Ultralisk x3  
  87  19:57  Ultralisk x2  
  87  19:58  Chitinous Plating  
  118  20:59  Zergling x4  
  118  21:00  Overlord x4  
  118  21:03  Overlord x3  
  120  21:21  Overlord  
  106  22:18  Zergling x16  
  106  22:19  Zergling x12  
  106  22:22  Anabolic Synthesis, Zerg Melee Weapons Level 3  
  120  22:46  Zergling x18  
  99  23:12  Zergling x2  
  99  23:13  Zergling x16  
  106  23:25  Baneling x3  
  106  23:26  Baneling x13  
  92  24:12  Zergling x14  
  92  24:13  Zergling x10  
  101  24:26  Extractor  
  101  24:28  Extractor  
  99  24:33  Drone  
  99  24:34  Drone  
Tags
 
Add a new tag
Caveats
  • Supply blocks, unpowered buildings, or Contaminate may cause inaccurate times.
  • Supply counts are checked every 10 seconds.